 Dungeon Crawl Stone Soup version 0.29.0-11-gd7f09526c8 (webtiles) character file.

Game seed: 14067493425478878364

436 concernfroge the Trooper (level 6, -1/56 HPs)
             Began as a Mummy Monk on Sept 4, 2022.
             Slain by a shadow imp (5 damage)
             ... on level 7 of the Dungeon.
             The game lasted 00:15:23 (4383 turns).

concernfroge the Trooper (Mummy Monk)               Turns: 4383, Time: 00:15:24

Health: -1/56      AC:  6    Str: 23    XL:     6   Next: 68%
Magic:  6/6        EV: 10    Int:  9    God:
Gold:   222        SH:  0    Dex: 14    Spells: 5/5 levels left

rFire   . . .      SeeInvis .   a - +0 spear
rCold   . . .      Faith    .   (no shield)
rNeg    + + +      Spirit   .   p - +0 scale mail
rPois   ∞          Reflect  .   (no helmet)
rElec   .          Harm     .   (no cloak)
rCorr   .          Rampage  .   (no gloves)
Will    .....                   (no boots)
Stlth   ..........              (no amulet)
HPRegen 0.18/turn               b - +6 ring of strength
MPRegen 0.10/turn               i - ring of fire

@: weak-willed
A: cold resistance 1, negative energy resistance 3, torment resistance 2, heat
vulnerability 1, in touch with death 1, no potions
a: no special abilities


You were on level 7 of the Dungeon.
You visited 1 branch of the dungeon, and saw 7 of its levels.

You collected 222 gold pieces.

Inventory:

Hand Weapons
 a - a +0 spear (weapon)
Missiles
 m - 2 poisoned darts
 o - 2 boomerangs (quivered)
Armour
 p - a +0 scale mail (worn)
Jewellery
 b - a +6 ring of strength (left hand)
 i - a ring of fire (right hand)
Scrolls
 c - 2 scrolls of fear
 h - 3 scrolls of amnesia
 j - 2 scrolls of noise
 k - a scroll of butterflies


   Skills:
 + Level 7.6 Fighting
 - Level 2.4 Polearms
 - Level 2.4 Dodging
 - Level 1.5 Stealth


You had 5 spell levels left.
You didn't know any spells.
Your spell library contained the following spells:

 Spells                   Type           Power      Damage    Failure   Level
 Slow                     Hex            0%         N/A       73%         1
 Confusing Touch          Hex            0%         N/A       97%         3
 Vampiric Draining        Necr           0%         2d6       97%         3


Dungeon Overview and Level Annotations

Branches:
Dungeon (7/15)
 Temple: D:4-7

Altars:


Innate Abilities, Weirdness & Mutations

You are immune to poison.
Your flesh is cold resistant. (rC+)
You are immune to negative energy. (rN+++)
You are immune to unholy pain and torment.
You are vulnerable to heat. (rF-)
You are in touch with the powers of death.
You do not drink.


Message History

The shadow imp hits you but does no damage.
You barely miss the wight.
The wight is moderately damaged.
Your hearing returns.
The wight hits you with a +0 flail. The shadow imp hits you.
You hit the wight but do no damage.
The wight is moderately damaged.
The wight hits you with a +0 flail!
The shadow imp summons a swarm of flies.
The shadow imp hits you but does no damage.
You barely miss the wight.
The wight is moderately damaged.
The wight hits you with a +0 flail.
The shadow imp hits you but does no damage.
You hit the wight.
The wight is moderately damaged.
The wight hits you with a +0 flail. The shadow imp closely misses you.
You hit the wight but do no damage.
The wight is moderately damaged.
The wight barely misses you. The shadow imp closely misses you.
You hit the wight.
The wight is severely damaged.
The wight hits you with a +0 flail! The shadow imp barely misses you.
Okay, then.
You hit the wight but do no damage.
The wight is severely damaged.
The wight hits you with a +0 flail!
* * * LOW HITPOINT WARNING * * *
The shadow imp hits you but does no damage.
You barely miss the wight.
The wight is severely damaged.
The wight hits you with a +0 flail.
* * * LOW HITPOINT WARNING * * *
The shadow imp barely misses you.
You hit the wight but do no damage.
The wight is severely damaged.
The wight hits you with a +0 flail.
* * * LOW HITPOINT WARNING * * *
The shadow imp hits you.
You die...

....# ##....##
.......# ###
#.....### ...
#....<..# . ..
#....(#.#
....#.#z......#
.......@5#
....#.#### . #


You could see a wight (weak-willed) and a shadow imp.

Vanquished Creatures
  A necrophage (D:5)
  A scorpion (D:5)
  A wight (D:5)
  3 hounds (D:4)
  Jessica (D:2)
  Ijyb (D:5)
  A gnoll (D:4)
  2 adders
  3 ufetubi (D:5)
  A worm (D:2)
  A dart slug (D:2)
  5 orcs
  2 bats
  7 endoplasms
  3 giant cockroaches
  5 goblins
  6 hobgoblins
  7 jackals
  2 quokkas (D:2)
  7 ball pythons
  5 frilled lizards
  6 kobolds
  3 rats
74 creatures vanquished.

Notes
Turn   | Place    | Note
-------+----------+-------------------------------------------
     0 | D:1      | concernfroge the Mummy Monk began the quest for the Orb.
     0 | D:1      | Reached XP level 1. HP: 18/18 MP: 1/1
   218 | D:1      | Reached XP level 2. HP: 17/24 MP: 2/2
   978 | D:2      | Reached skill level 4 in Fighting
  1010 | D:2      | Gained mutation: You are in touch with the powers of death.
                  | [Mummy growth]
  1010 | D:2      | Reached XP level 3. HP: 16/30 MP: 3/3
  1308 | D:2      | Found a faded altar of an unknown god.
  1544 | D:2      | Noticed Jessica
  1549 | D:2      | Killed Jessica
  1550 | D:2      | Reached skill level 5 in Fighting
  1550 | D:2      | Reached XP level 4. HP: 39/39 MP: 4/4
  2608 | D:4      | Reached XP level 5. HP: 26/46 MP: 5/5
  2958 | D:4      | Reached skill level 6 in Fighting
  3041 | D:4      | Noticed a black bear
  3049 | D:5      | Entered Level 5 of the Dungeon
  3123 | D:5      | Reached skill level 7 in Fighting
  3123 | D:5      | Reached XP level 6. HP: 38/55 MP: 6/6
  3332 | D:5      | Noticed Ijyb
  3335 | D:5      | Paralysed by Ijyb for 3 turns
  3377 | D:5      | Paralysed by Ijyb for 4 turns
  3388 | D:5      | Killed Ijyb
  4383 | D:7      | Slain by a shadow imp

Illustrated notes

Levels and vault maps discovered:
D:1:      saegor_arrival_under_anarchy, layout_basic
D:2:      layout_rooms, ebering_ecumenical_altar_petrified, hex_tiny,
          uniq_jessica
D:3:      layout_basic, kennysheep_doodads
D:4:      minmay_evil_eye, layout_basic, marbit_many_paths, st_stairs_8
D:5:      layout_basic, lemuel_crystal_altar, overflow_temple_1_default,
          uniq_ijyb
D:6:      layout_rooms, mainiacjoe_overflow_catwalk, evilmike_ruin_ashenzari,
          gammafunk_ghost_arena, centaur_isle, uniq_grinder, uniq_edmund
D:7:      layout_basic, tgw_kikubaaqudgha, kennysheep_mini,
          minmay_temple_entry_butterflies, nrook_pool_corridor, uniq_menkaure

Skill      XL: |  1  2  3  4  5 |
---------------+----------------+-----
Fighting       | 4 5 7 |  7.6
Polearms       | |  2.4
Dodging        | |  2.4
Stealth        | |  1.5

Action                   |  1- 3 |  4- 6 || total
-------------------------+-------+-------++-------
Melee: Spear             |   135 |   191 ||   326
       Punch             |     1 |     1 ||     2
Throw: Dart              |       |     7 ||     7
       Boomerang         |       |     9 ||     9
       Javelin           |       |     8 ||     8
  Use: Scroll            |       |    11 ||    11
 Stab: Sleeping          |     1 |     5 ||     6
Armor: Ring mail         |    30 |    45 ||    75
       Scale mail        |       |    17 ||    17
Dodge: Dodged            |    74 |   113 ||   187
